 Dungeon Crawl Stone Soup version 0.27.0-1-g7a08968 (webtiles) character file.

Game seed: 1302400127030430092

11 Illumine the Sneak (level 2, -2/24 HPs)
             Began as a Formicid Delver on Aug 12, 2021.
             Frozen to death by an endoplasm (5 damage)
             ... on level 1 of the Dungeon.
             The game lasted 00:01:12 (569 turns).

Illumine the Sneak (Formicid Delver)                 Turns: 569, Time: 00:01:13

Health: -2/24      AC:  3    Str: 16    XL:     2   Next: 35%
Magic:  2/2        EV: 11    Int:  9    God:
Gold:   6          SH:  0    Dex: 12    Spells: 1/1 levels left

rFire    . . .     SeeInvis +   a - +0 spear
rCold    . . .     Faith    .   (no shield)
rNeg     . . .     Spirit   .   b - +0 leather armour
rPois    .         Reflect  .   (helmet unavailable)
rElec    .         Harm     .   (no cloak)
rCorr    .         Rampage  .   (no gloves)
Will     .....                  (no boots)
Stlth    +++.......             (no amulet)
HPRegen  0.08/turn              (no ring)
MPRegen  0.08/turn              (no ring)

@: no status effects
A: permanent stasis, dig shafts and tunnels, antennae 3, four strong arms
a: Dig, Shaft Self


You were on level 1 of the Dungeon.
You visited 1 branch of the dungeon, and saw 5 of its levels.

You collected 6 gold pieces.

Inventory:

Hand Weapons
 a - a +0 spear (weapon)
Armour
 b - a +0 leather armour (worn)
Wands
 f - a wand of digging (3)
Scrolls
 c - a scroll of fog
 d - a scroll of identify {unknown}
 e - a scroll of fear
 h - 3 scrolls of amnesia {unknown}
Potions
 g - a potion of magic {unknown}


   Skills:
 + Level 3.4 Fighting
 * Level 2.4 Polearms
 + Level 0.8 Armour
 - Level 1.7 Dodging
 - Level 6.0 Stealth


You had one spell level left.
You didn't know any spells.
Your spell library was empty.

Dungeon Overview and Level Annotations

Branches:
Dungeon (5/15)             Temple (0/1) D:5

Altars:


Innate Abilities, Weirdness & Mutations

You cannot be hasted, slowed, berserked, paralysed or teleported.
You can dig through walls and to a lower floor.
You have a pair of large antennae on your head. (SInv)
Your four strong arms can wield two-handed weapons with a shield.


Message History

The endoplasm is severely wounded.
The endoplasm hits you.
You hit the endoplasm but do no damage.
The endoplasm is severely wounded.
The endoplasm freezes you.
You are frozen.
You hit the endoplasm.
The endoplasm is almost dead.
The endoplasm freezes you.
You are frozen.
You are too injured to fight recklessly!
You are too injured to fight recklessly!
You barely miss the endoplasm.
The endoplasm is almost dead.
The bat hits you but does no damage. The endoplasm barely misses you.
You hit the endoplasm but do no damage.
The endoplasm is almost dead.
The bat hits you but does no damage. The endoplasm freezes you.
You are frozen.
You hit the endoplasm but do no damage.
The endoplasm is almost dead.
The bat hits you. The endoplasm freezes you.
You are frozen.
* * * LOW HITPOINT WARNING * * *
You hit the endoplasm but do no damage.
The endoplasm is almost dead.
The bat barely misses you. The endoplasm freezes you.
You are frozen.
* * * LOW HITPOINT WARNING * * *
Unknown command.
The bat hits you but does no damage.
You barely miss the endoplasm.
The endoplasm is almost dead.
The bat hits you but does no damage. The endoplasm freezes you.
You are frozen.
You die...

#.............
#..............
#...............
#................
#...............#
#...............#
#...............#
#...............
#....J@b........
#..........####
#########'#########
#.........# .
#########.# . #.# .
###.####. #......+.
#.#.####.


You could see an endoplasm and a bat.

Vanquished Creatures
  A giant cockroach (D:1)
  A goblin (D:3)
  A hobgoblin (D:4)
  2 kobolds (D:2)
  A quokka (D:1)
  2 bats
  2 rats
10 creatures vanquished.

Notes
Turn   | Place    | Note
-------+----------+-------------------------------------------
     0 | D:5      | Illumine the Formicid Delver began the quest for the Orb.
     0 | D:5      | Reached XP level 1. HP: 18/18 MP: 1/1
   444 | D:2      | Reached XP level 2. HP: 24/24 MP: 2/2
   569 | D:1      | Frozen to death by an endoplasm

Illustrated notes

Levels and vault maps discovered:
D:1:      minmay_arrival_stair_chambers, layout_basic,
          ebering_ecumenical_altar_mist
D:2:      layout_loops_ring
D:3:      layout_basic, nemelex_dance_club_becter, chequers_decorated_corner,
          nrook_campfire, serial_bayou_pond_d
D:4:      minmay_chambers_of_threes, layout_basic, lemuel_crystal_altar,
          uniq_eustachio
D:5:      layout_gridville, grunt_temple_overflow_lords_of_destruction,
          minmay_temple_entry_antechambers, serial_shops,
          nicolae_take_the_stairs, small_statue_intersection,
          grunt_ministairs_10, amcnicky_mini_corridor_feature, uniq_sigmund,
          uniq_crazy_yiuf_cottage

Action                   || total
-------------------------++-------
Melee: Spear             ||    43
  Use: Scroll            ||     1
 Stab: Sleeping          ||     6
Armor: Leather armour    ||    10
Dodge: Dodged            ||     9
